 Dungeon Crawl Stone Soup version 0.27.1-34-g3ba077fa99 (webtiles) character file.

Game seed: 12943977046702567661

839 sankara the Insei (level 7, -1/46 (52) HPs)
             Began as a Yellow Draconian Transmuter on Jan 18, 2022.
             Slain by a wight (7 damage)
             ... on level 6 of the Dungeon.
             The game lasted 00:09:23 (7029 turns).

sankara the Insei (Yellow Draconian Transmuter)     Turns: 7029, Time: 00:09:23

HP:   -1/46 (52)    AC:  2    Str: 12    XL:     7   Next: 67%
MP:   7/10          EV: 23    Int: 14    God:
Gold: 240           SH:  0    Dex: 18    Spells: 0/10 levels left

rFire    . . .     SeeInvis .     - Unarmed
rCold    . . .     Faith    .   (shield currently unavailable)
rNeg     . . .     Spirit   .   (armour unavailable)
rPois    x         Reflect  .   (helmet currently unavailable)
rElec    .         Harm     .   (cloak currently unavailable)
rCorr    .         Rampage  .   (gloves currently unavailable)
Will     .....                  (boots currently unavailable)
Stlth    ++........             (no amulet)
HPRegen  0.15/turn              c - +4 ring of evasion
MPRegen  0.12/turn              (no ring)

@: spider-form, heavily drained
A: venomous fangs, (spit acid), AC +6, tiny, unfitting armour, (cold-blooded),
(acid resistance)
a: End Transformation


You were on level 6 of the Dungeon.
You were a venomous arachnid creature.
You visited 1 branch of the dungeon, and saw 6 of its levels.

You collected 240 gold pieces.

Inventory:

Missiles
 b - 108 stones
 g - 9 javelins
 v - 2 boomerangs
 y - 2 curare-tipped darts
Armour
 w - a +0 pair of boots (melded)
Magical Staves
 k - a staff of earth
Jewellery
 c - a +4 ring of evasion (left front leg)
Wands
 s - a wand of paralysis (20)
Scrolls
 a - a scroll of acquirement {unknown}
 d - a scroll of blinking {unknown}
 e - 2 scrolls of teleportation {unknown}
 f - 7 scrolls of identify {unknown}
 h - 2 scrolls of enchant weapon {unknown}
 j - a scroll of enchant armour {unknown}
 l - a scroll of amnesia {unknown}
 n - a scroll of noise {unknown}
 p - a scroll of holy word {unknown}
 q - a scroll of brand weapon {unknown}
 u - 2 scrolls of fear {unknown}
 x - a scroll of immolation {unknown}
Potions
 i - 2 potions of mutation {unknown}
 m - a potion of curing {unknown}
 o - a potion of lignification {unknown}
 r - a potion of invisibility {unknown}
 t - a potion of ambrosia {unknown}


   Skills:
 - Level 1.1 Fighting
 - Level 1.7 Dodging
 + Level 6.7 Unarmed Combat
 - Level 2.0 Spellcasting
 * Level 5.6 Transmutations
 - Level 3.0 Poison Magic


You couldn't memorise any spells.
You knew the following spells:

 Your Spells              Type           Power      Damage    Failure   Level
a - Beastly Appendage     Tmut           34%        N/A       9%          1
b - Wereblood             Tmut           17%        N/A       12%         2
c - Spider Form           Tmut/Pois      6%         N/A       28%         3
d - Ice Form              Ice/Tmut       9%         N/A       78%         4

Your spell library contained the following spells:

 Spells                   Type           Power      Damage    Failure   Level


Dungeon Overview and Level Annotations

Branches:
Dungeon (6/15)             Temple (0/1) D:5

Altars:
Kikubaaqudgha

Annotations:
D:3 1 runed translucent door, cccc's ghost, amateur OpMo
D:4 3 runed translucent doors, Trampli's ghost, novice DrTm


Innate Abilities, Weirdness & Mutations

You are a venomous arachnid creature.
You have poisonous fangs.
You are tiny and dextrous.
Your spellcasting is less reliable in this form.
Your armour is entirely melded.
You are incapable of wielding weapons or throwing items.
((You can spit globs of acid.))
((Your golden yellow scales are hard. (AC +6)))
You cannot fit into any form of body armour.
((You are cold-blooded and may be slowed by cold attacks.))
((You are resistant to acid. (rCorr)))


Message History

The wight is moderately damaged.
The wight hits you with a +6 dagger.
You feel drained.
You hit the wight.
The wight is moderately damaged.
The wight hits you with a +6 dagger.
You feel drained.
You hit the wight.
The wight is heavily damaged.
The wight hits you with a +6 dagger!
You are too injured to fight recklessly!
You are too injured to fight recklessly!
You are too injured to fight recklessly!
You barely miss the wight.
The wight is heavily damaged.
Your transformation is almost over.
The wight closely misses you.
You barely miss the wight.
The wight is heavily damaged.
The wight hits you with a +6 dagger!
* * * LOW HITPOINT WARNING * * *
You feel drained.
* * * LOW HITPOINT WARNING * * *
You hit the wight.
The wight is severely damaged.
The wight barely misses you.
You hit the wight.
The wight is severely damaged.
Your transformation has ended.
Your +0 pair of boots unmelds from your body.
Casting: Spider Form (dangerous; 12% risk of failure)
Confirm with . or Enter, or press ? or * to list all spells.
You turn into a venomous arachnid creature.
Your +0 pair of boots melds into your body.
The wight hits you with a +6 dagger.
* * * LOW HITPOINT WARNING * * *
You feel drained.
* * * LOW HITPOINT WARNING * * *
You hit the wight but do no damage.
The wight is severely damaged.
The wight hits you with a +6 dagger!
You die...

#...#..#.#
#..<...#.#
#...#..#.#
#.#.#.##.#.#
.........#.#
#.###.#....#
#. ...#.####
###########.#
#.......zzs.#
#.###########
#######.#
....z.z.#
#######.# ###


You could see 2 wights.

Vanquished Creatures
  A black bear (D:4)
  An ice beast (D:5)
  2 necrophages
  A centaur (D:5)
  2 bullfrogs (D:4)
  An orc priest (D:5)
  A centaur skeleton (D:4)
  Terence (D:3)
  An iguana (D:5)
  An orc wizard (D:5)
  A killer bee zombie (D:3)
  A hound skeleton (D:5)
  5 adders
  An adder zombie (D:3)
  A worm (D:3)
  7 orcs (D:5)
  3 endoplasms
  4 giant cockroaches
  4 goblins
  5 hobgoblins
  2 quokkas (D:3)
  7 ball pythons
  5 bats
  5 frilled lizards
  5 kobolds
  7 rats
75 creatures vanquished.

Notes
Turn   | Place    | Note
-------+----------+-------------------------------------------
     0 | D:1      | sankara the Draconian Transmuter began the quest for the
                  | Orb.
     0 | D:1      | Reached XP level 1. HP: 16/16 MP: 3/3
   499 | D:1      | Reached XP level 2. HP: 23/23 MP: 3/5
   914 | D:1      | Found a faded altar of an unknown god.
   962 | D:2      | Learned a level 2 spell: Wereblood
  1555 | D:2      | Reached skill level 4 in Unarmed Combat
  1555 | D:2      | Reached XP level 3. HP: 22/28 MP: 3/6
  1718 | D:2      | You fall into a shaft and drop 2 floors!
  1791 | D:4      | Reached XP level 4. HP: 6/35 MP: 5/7
  2063 | D:4      | Noticed a bullfrog
  2076 | D:4      | Killed a bullfrog
  2077 | D:4      | Reached skill level 5 in Unarmed Combat
  2077 | D:4      | Reached XP level 5. HP: 31/40 MP: 8/8
  2151 | D:4      | Noticed a black bear
  2190 | D:4      | Killed a black bear
  2191 | D:4      | Reached XP level 6. HP: 33/47 MP: 6/9
  2353 | D:4      | Reached skill level 6 in Unarmed Combat
  2357 | D:4      | Learned a level 3 spell: Spider Form
  2666 | D:3      | Found a runed translucent door.
  2671 | D:3      | Noticed cccc's ghost (amateur OpMo)
  3257 | D:3      | You fall into a shaft and drop 1 floor!
  4097 | D:3      | Noticed Terence
  4106 | D:3      | Killed Terence
  4107 | D:3      | Reached skill level 1 in Poison Magic
  4511 | D:4      | Found a runed translucent gate.
  4511 | D:4      | Found a runed translucent gate.
  4511 | D:4      | Found a runed translucent gate.
  4564 | D:4      | Noticed Trampli's ghost (novice DrTm)
  5439 | D:5      | Entered Level 5 of the Dungeon
  5477 | D:5      | Your scales start taking on a golden yellow colour.
  5477 | D:5      | Reached XP level 7. HP: 20/52 MP: 8/10
  5477 | D:5      | Gained mutation: You are resistant to acid. (rCorr) [Yellow
                  | Draconian growth]
  5924 | D:5      | Reached skill level 5 in Transmutations
  6556 | D:5      | Learned a level 4 spell: Ice Form
  6745 | D:5      | Found a staircase to the Ecumenical Temple.
  6950 | D:6      | Found an ancient bone altar of Kikubaaqudgha.
  7029 | D:6      | Slain by a wight

Illustrated notes

Levels and vault maps discovered:
D:1:      psy_arrival_radial01, layout_basic,
          dilly_ecumenical_altar_fadedgnrine, serial_park_tiny_1,
          minmay_fountain_box
D:2:      layout_basic, minmay_tetromino_t4
D:3:      layout_basic, ebering_ghost_sewer_d, uniq_terence
D:4:      layout_basic, gammafunk_ghost_nasty_kobolds
D:5:      layout_loops_ring, minmay_temple_entry_from_below_a, minivault_1
D:6:      minmay_klotski, layout_basic, nicolae_kikubaaqudgha_miasma_corner,
          minmay_pentangle

Skill      XL: |  1  2  3  4  5  6  7 |
---------------+----------------------+-----
Unarmed Combat | 4 5 6 |  6.7
Transmutations | 3 4 5 |  5.6
Poison Magic   | 1 3 |  3.0
Fighting       | |  1.1
Dodging        | |  1.7
Spellcasting   | |  2.0

Action                   |  1- 3 |  4- 6 |  7- 9 || total
-------------------------+-------+-------+-------++-------
Melee: Unarmed           |    95 |   113 |    61 ||   269
       Kick              |    15 |     4 |       ||    19
       Tailslap          |     4 |     6 |       ||    10
       Punch             |     1 |       |       ||     1
       Headbutt          |     8 |     8 |       ||    16
 Cast: Beastly Appendage |    23 |    11 |       ||    34
       Wereblood         |       |     1 |       ||     1
       Spider Form       |       |    11 |     8 ||    19
 Stab: Sleeping          |       |     1 |       ||     1
Armor: Skin              |    32 |    23 |     3 ||    58
Dodge: Dodged            |    93 |   106 |    50 ||   249
